 Dungeon Crawl Stone Soup version 0.32-a0-779-g362cfcae2a (webtiles) character file.

Game seed: 5501097064697458546

124 Rohain the Sneak (level 4, 0/24 HPs)
             Began as a Vampire Enchanter on Mar 19, 2024.
             Slain by Natasha (2 damage)
             ... on level 3 of the Dungeon.
             The game lasted 00:04:32 (2908 turns).

Rohain the Sneak (Vampire Enchanter)                Turns: 2908, Time: 00:04:33

Health: 0/24       AC:  6    Str:  7    XL:     4   Next: 81%
Magic:  5/7        EV: 12    Int: 17    God:
Gold:   140        SH:  0    Dex: 16    Spells: 3/8 levels left

rFire   . . .        l - +0 dagger (venom)
rCold   + + .        (no shield)
rNeg    + + +        b - +0 robe
rPois   ∞            g - +1 helmet
rElec   .            (no cloak)
rCorr   .            (no gloves)
SInv    +            h - +1 pair of boots
Will    .....        (no amulet)
Stlth   +++++        (no ring)
HPRegen 0.00/turn    (no ring)
MPRegen 0.10/turn

%: no passive effects
@: bloodless, inhibited regen
A: bloodless, fangs 3, see invisible, vampiric 2
a: Bat Form, Revivify


You were on level 3 of the Dungeon.
You visited 1 branch of the dungeon, and saw 3 of its levels.

You collected 140 gold pieces.

Inventory:

Hand Weapons
 a - a +1 dagger
 l - a +0 dagger of venom (weapon)
Armour
 b - a +0 robe (worn)
 g - a +1 helmet (worn)
 h - a +1 pair of boots (worn)
Jewellery
 j - a +4 ring of protection
Scrolls
 d - 2 scrolls of teleportation
Potions
 c - a potion of invisibility
 e - 2 potions of berserk rage
 i - a potion of brilliance {unknown}
 k - a potion of haste {unknown}
 n - a potion of attraction {unknown}
 o - a potion of might {unknown}
 p - a potion of experience {unknown}


   Skills:
 + Level 2.3 Short Blades
 + Level 3.0 Dodging
 * Level 6.1 Stealth
 + Level 2.5 Spellcasting
 + Level 5.2 Hexes


You had 3 spell levels left.
You knew the following spells:

 Your Spells              Type           Power      Damage    Failure   Level
a - Ensorcelled Hibernat  Hex/Ice        22%        N/A       10%         2
b - Confusing Touch       Hex            19%        N/A       6%          3

Your spell library contained the following spells:

 Spells                   Type           Power      Damage    Failure   Level
 Sigil of Binding         Hex            19%        N/A       6%          3
 Tukima's Dance           Hex            19%        N/A       6%          3
 Dazzling Flash           Conj/Hex       22%        N/A       19%         3
 Death Channel            Necr           1%         N/A       100%        6
 Sculpt Simulacrum        Ice/Alch       1%         N/A       100%        6


Dungeon Overview and Level Annotations

Branches:
Dungeon (3/15)

Altars:
Yredelemnul

Annotations:
D:3 Natasha


Innate Abilities, Weirdness & Mutations

You do not regenerate when monsters are visible.
You are frail without blood (-20% HP).
You can heal yourself when you bite living creatures.
You are immune to poison.
You have razor-sharp teeth.
You have supernaturally acute eyesight. (SInv)
You are afflicted with vampirism and can become a bat while bloodless.


Message History

Natasha, Servant of Life and Death comes into view.
Natasha is nearby!
Natasha is nearby!
You see here a +0 club.
Natasha hisses angrily.
You hit Natasha but do no damage. Natasha claws you!
You hit Natasha.
Natasha is poisoned.
Natasha is lightly wounded.
Natasha claws you.
You barely miss Natasha. You bite Natasha.
You draw Natasha's blood!
You feel better.
Natasha is lightly wounded.
You hit Natasha but do no damage.
Natasha looks as sick as possible!
Natasha is lightly wounded.
Natasha howls an incantation.
You feel disoriented.
Natasha stares at you and mumbles some strange words.
The magic dart hits you!
You are too injured to fight recklessly!
You are too injured to fight recklessly!
You are too injured to fight recklessly!
You miss Natasha. You bite Natasha, but do no damage.
Natasha is heavily wounded.
Natasha closely misses you.
You hit Natasha but do no damage.
Natasha looks as sick as possible!
Natasha is severely wounded.
Natasha claws you!
* * * LOW HITPOINT WARNING * * *
Okay, then.
Casting: Ensorcelled Hibernation (safe; 10% risk of failure)
Confirm with . or Enter, or press ? or * to list all spells.
You don't know that spell.
Casting: Ensorcelled Hibernation (safe; 10% risk of failure)
Confirm with . or Enter, or press ? or * to list all spells.
Aiming: Ensorcelled Hibernation (safe; 10% risk of failure)
Press: ? - help, Shift-Dir - straight line, f - Natasha
Aim: Natasha (severely wounded, extremely poisoned, chance to affect: 45%) Natasha resists with some effort.
Natasha claws you.
You die...
Natasha curls up and begins to purr.

#........## ###.# #.
#.........♣♣♣.#'####
#.............♣.....
#....)..♣...♣.......
#.....♣♣.♣♣.♣♣......
######..♣♣...♣..♣...
#♣..♣._.♣.♣....
############♣.♣♣...♣♣.♣###
#.....).)@h..♣)♣♣♣...♣.# #
#.###########.♣.♣...♣♣####
#.# ##.♣.♣.♣♣..... #.#
##♣.♣♣.######
#.############.......).#..
#...........##.#######.#.#
###########.##.#...#<#)#.#
#.##.#.#.#.#.#.#
#.##.#.#.#.#.#.#


You could see Natasha (extremely poisoned).

Vanquished Creatures
  Natasha (D:3)
  Robin (D:3)
  An adder (D:2)
  2 dart slugs (D:1)
  2 ribbon worms
  4 orcs (D:3)
  6 endoplasms
  2 giant cockroaches (D:1)
  4 hobgoblins
  4 quokkas
  2 ball pythons (D:1)
  4 bats
  5 frilled lizards
  15 goblins
  A kobold (D:2)
  7 rats
61 creatures vanquished.

Vanquished Creatures (collateral kills)
  An adder zombie (D:3)
  A ball python zombie (D:3)
  A quokka zombie (D:3)
3 creatures vanquished.

Grand Total: 64 creatures vanquished

Notes
Turn   | Place    | Note
-------+----------+-------------------------------------------
     0 | D:1      | Rohain the Vampire Enchanter began the quest for the Orb.
     0 | D:1      | Reached XP level 1. HP: 13/13 MP: 3/3
   229 | D:1      | Reached XP level 2. HP: 15/15 MP: 5/5
   656 | D:1      | Reached skill level 5 in Stealth
   890 | D:1      | Gained mutation: You are afflicted with vampirism and can
                  | become a bat while bloodless. [Vampire growth]
   890 | D:1      | Reached XP level 3. HP: 19/19 MP: 6/6
   893 | D:1      | Learned a level 2 spell: Ensorcelled Hibernation
   950 | D:2      | Found a faded altar of an unknown god.
  1922 | D:3      | Reached skill level 5 in Hexes
  1982 | D:3      | Identified the +2 scale mail "Vepsir" {Will++}
  2037 | D:3      | Found a basalt altar of Yredelemnul.
  2039 | D:3      | Noticed Natasha
  2061 | D:3      | Killed Natasha
  2062 | D:3      | Reached XP level 4. HP: 1/24 MP: 7/7
  2146 | D:3      | Noticed Robin
  2154 | D:3      | Killed Robin
  2171 | D:3      | Reached skill level 6 in Stealth
  2475 | D:3      | Learned a level 3 spell: Confusing Touch
  2899 | D:3      | Noticed Natasha
  2908 | D:3      | Slain by Natasha

Illustrated notes

Levels and vault maps discovered:
D:1:      ebering_trefoil_twist, layout_basic
D:2:      layout_loops_ring, serial_co_window_serial, co_window_paths_a,
          co_window_corner_a, co_window_paths_a, co_window_of_opportunity_a,
          co_window_paths_b, co_window_paths_c, co_window_corner_b,
          co_window_corner_b, co_window_2corner, co_window_unsneaky_path_a,
          co_window_unsneaky_path_c, glass_columns_b,
          ebering_ecumenical_altar_sacrificial
D:3:      layout_basic, nicolae_yredelemnul_corpse_copse, uniq_robin,
          uniq_natasha

Skill      XL: |  1  2  3  4 |
---------------+-------------+-----
Stealth        | 5 6 |  6.1
Hexes          | 5 |  5.2
Short Blades   | 2 |  2.3
Dodging        | 3 |  3.0
Spellcasting   | |  2.5

Action                     |  1- 3 |  4- 6 || total
---------------------------+-------+-------++-------
  Melee: Dagger            |   114 |    57 ||   171
         Bite              |     8 |     3 ||    11
   Cast: Ensorcelled Hiber |       |     2 ||     2
Ability: Exsanguinate      |     1 |       ||     1
    Use: Scroll            |     5 |     1 ||     6
         Potion            |     3 |       ||     3
   Stab: Sleeping          |    19 |     6 ||    25
         Invisible         |       |     2 ||     2
 Armour: Robe              |    52 |    17 ||    69
  Dodge: Dodged            |    65 |    21 ||    86

Table legend: (Time is in decaauts)
 A = Elapsed time spent in this place.
 B = Non-inter-level travel time spent in this place.
 C = Inter-level travel time spent in this place.
 D = Time resting spent in this place.
 E = Time spent auto-exploring this place.
 F = Levels seen in this place.
 G = Mean time per level.
                   A        B        C        D        E       F      G
               +--------+--------+--------+--------+--------+-----+--------+
         Total |   2893 |   2816 |     77 |    154 |   2112 |   3 |  964.3 |
       Dungeon |   2893 |   2816 |     77 |    154 |   2112 |   3 |  964.3 |
               +--------+--------+--------+--------+--------+-----+--------+

Top non-repeatable levels by time:
     D:3: 1006 daAuts
     D:2: 973 daAuts
     D:1: 913 daAuts
